 Dungeon Crawl Stone Soup version 0.31-a0-161-gb58dd9be76 (webtiles) character file.

Game seed: 4923888818184688106

614 pokeman the Magician (level 7, -5/38 HPs)
             Began as a Deep Elf Hedge Wizard on June 12, 2023.
             Killed from afar by a white imp (7 damage)
             ... with a puff of frost
             ... on level 5 of the Dungeon.
             The game lasted 00:07:54 (5398 turns).

pokeman the Magician (Deep Elf Hedge Wizard)        Turns: 5398, Time: 00:07:54

Health: -5/38      AC:  4    Str: 13    XL:     7   Next: 20%
Magic:  4/20       EV: 13    Int: 21    God:
Gold:   86         SH:  0    Dex: 14    Spells: 13/21 levels left

rFire   . . .        r - +2 hand axe (elec)
rCold   . . .        (no shield)
rNeg    . . .        b - +0 robe
rPois   .            c - +0 hat
rElec   .            i - +0 cloak
rCorr   .            u - +0 pair of gloves
SInv    .            (no boots)
Will    .....        f - amulet of regeneration
Stlth   ++           k - ring of flight
HPRegen 1.06/turn    s - +6 ring of strength
MPRegen 0.17/turn

%: no passive effects
@: flying
A: no striking features
a: no special abilities


You were on level 5 of the Dungeon.
You visited 1 branch of the dungeon, and saw 5 of its levels.

You collected 227 gold pieces.
You spent 141 gold pieces at shops.

Inventory:

Hand Weapons
 r - a +2 hand axe of electrocution (weapon)
Armour
 b - a +0 robe (worn)
 c - a +0 hat (worn)
 i - a +0 cloak (worn)
 p - a +0 buckler
 u - a +0 pair of gloves (worn)
Jewellery
 f - an amulet of regeneration (around neck)
 g - an amulet of reflection
 k - a ring of flight (left hand)
 s - a +6 ring of strength (right hand)
Scrolls
 e - 2 scrolls of blinking {unknown}
 h - 6 scrolls of identify {unknown}
 l - 2 scrolls of revelation {unknown}
 n - a scroll of enchant weapon {unknown}
 o - a scroll of teleportation {unknown}
 q - 2 scrolls of vulnerability {unknown}
 v - a scroll of poison {unknown}
Potions
 a - 4 potions of curing {unknown}
 d - a potion of magic
 j - a potion of heal wounds {unknown}
 m - 2 potions of lignification {unknown}
 t - a potion of mutation {unknown}
 w - 2 potions of might {unknown}


   Skills:
 - Level 1.0 Fighting
 - Level 1.0 Armour
 - Level 3.0 Dodging
 - Level 3.0 Stealth
 + Level 1.7 Shields
 * Level 7.8 Spellcasting
 + Level 3.8 Conjurations
 + Level 2.5 Summonings
 - Level 1.1 Translocations
 - Level 1.0 Air Magic
 - Level 1.0 Poison Magic


You had 13 spell levels left.
You knew the following spells:

 Your Spells              Type           Power      Damage    Failure   Level
a - Magic Dart            Conj           96%        1d7       1%          1
b - Mephitic Cloud        Conj/Pois/Air  16%        N/A       11%         3
c - Call Imp              Summ           36%        N/A       4%          2
d - Blink                 Tloc           24%        N/A       8%          2

Your spell library contained the following spells:

 Spells                   Type           Power      Damage    Failure   Level
 Summon Small Mammal      Summ           72%        N/A       3%          1
 Apportation              Tloc           24%        N/A       5%          1
 Necrotise                Necr           32%        1d5       9%          1
 Slow                     Hex            32%        N/A       9%          1
 Cigotuvi's Dreadful Rot  Necr/Pois/Air  22%        N/A       10%         2
 Summon Guardian Golem    Hex/Summ       13%        N/A       14%         3
 Inner Flame              Hex/Fire       8%         N/A       24%         3
 Yara's Violent Unravell  Hex/Tmut       4%         3d4       92%         5
 Enfeeble                 Hex            4%         N/A       100%        7
 Orb of Destruction       Conj           12%        9d7       100%        7
 Spellforged Servitor     Conj/Summ      10%        N/A       100%        7


Dungeon Overview and Level Annotations

Branches:
Dungeon (5/15)
 Temple: D:4-7

Altars:
Gozag
Nemelex Xobeh

Shops:
D:4 (((*


Message History

* * * LOW HITPOINT WARNING * * *
Casting: Magic Dart (safe; 1% risk of failure)
Confirm with . or Enter, or press ? or * to list all spells.
Aiming: Magic Dart (safe; 1% risk of failure)
Press: ? - help, Shift-Dir - straight line, f/p - white imp
Aim: a white imp (heavily wounded, 100% to hit)
The magic dart hits the white imp but does no damage.
The white imp is heavily wounded.
The white imp misses you.
Unknown command.
Casting: Magic Dart (safe; 1% risk of failure)
Confirm with . or Enter, or press ? or * to list all spells.
Aiming: Magic Dart (safe; 1% risk of failure)
Press: ? - help, Shift-Dir - straight line, f/p - white imp
Aim: a white imp (heavily wounded, 100% to hit)
The magic dart hits the white imp but does no damage.
The white imp is heavily wounded.
The white imp gestures at you. The puff of frost hits you.
* * * LOW HITPOINT WARNING * * *
Casting: Magic Dart (safe; 1% risk of failure)
Confirm with . or Enter, or press ? or * to list all spells.
Aiming: Magic Dart (safe; 1% risk of failure)
Press: ? - help, Shift-Dir - straight line, f/p - white imp
Aim: a white imp (heavily wounded, 100% to hit)
The magic dart hits the white imp.
The white imp is almost dead.
The white imp gestures at you. The puff of frost hits you!
* * * LOW HITPOINT WARNING * * *
Casting: Magic Dart (safe; 1% risk of failure)
Confirm with . or Enter, or press ? or * to list all spells.
Aiming: Magic Dart (safe; 1% risk of failure)
Press: ? - help, Shift-Dir - straight line, f/p - white imp
Aim: a white imp (almost dead, 100% to hit)
The magic dart hits the white imp but does no damage.
The white imp is almost dead.
The white imp gestures at you. The puff of frost hits you!
You die...

...#..#..#.##.##.##
.#.#........... #..#####
...#....<....####......##
♣.......................##
..##.....................#
........<................#
.####.#..................#
#.#.#.#..............#
#.#.#.#.###.@5.......#
....#.#.# ##.†......##
..###.#.. ..........# ....
..... #..........# ....
..##.............
........... ...........
?...........


You could see a white imp.

Vanquished Creatures
  A black bear (D:4)
  An ogre (D:4)
  A jelly (D:4)
  2 orc priests
  Jessica (D:3)
  2 iguanas
  Natasha (thrice) (D:2)
  4 gnolls (D:4)
  6 adders
  4 dart slugs
  7 orcs
  6 ball pythons
  5 bats
  8 endoplasms
  A giant cockroach (D:1)
  6 goblins
  4 hobgoblins
  19 jackals
  6 kobolds
  5 quokkas
  2 frilled lizards
  6 rats
100 creatures vanquished.

Notes
Turn   | Place    | Note
-------+----------+-------------------------------------------
     0 | D:1      | pokeman the Deep Elf Hedge Wizard began the quest for the
                  | Orb.
     0 | D:1      | Reached XP level 1. HP: 10/10 MP: 7/7
   269 | D:1      | Reached XP level 2. HP: 16/16 MP: 5/9
   470 | D:1      | Reached skill level 5 in Spellcasting
   484 | D:1      | Reached XP level 3. HP: 19/20 MP: 7/11
   488 | D:1      | Learned a level 3 spell: Mephitic Cloud
   491 | D:1      | Learned a level 2 spell: Call Imp
   494 | D:1      | Learned a level 2 spell: Blink
  1163 | D:1      | Reached skill level 1 in Armour
  1404 | D:2      | Reached skill level 1 in Fighting
  1486 | D:2      | Reached XP level 4. HP: 25/25 MP: 2/13
  1572 | D:2      | Noticed Natasha
  1588 | D:2      | Killed Natasha
  1678 | D:2      | Noticed Natasha
  1696 | D:2      | Killed Natasha
  1712 | D:2      | Reached skill level 6 in Spellcasting
  1712 | D:2      | Reached XP level 5. HP: 26/29 MP: 7/15
  2618 | D:2      | Noticed Natasha
  2625 | D:2      | Killed Natasha
  2826 | D:3      | Noticed Jessica
  2828 | D:3      | Killed Jessica
  2963 | D:3      | Found a sparkling altar of Nemelex Xobeh.
  2963 | D:3      | Found an opulent altar of Gozag.
  3611 | D:3      | Reached skill level 1 in Air Magic
  3618 | D:3      | Reached skill level 1 in Poison Magic
  4107 | D:4      | Found Lifeohyn's Antique Weapon Shop.
  4146 | D:4      | Found Beceappu's Antique Weapon Emporium.
  4148 | D:4      | Found Emukum's Antique Weapon Shoppe.
  4150 | D:4      | Found Wamel's Assorted Antiques.
  4158 | D:4      | Bought an orange potion for 27 gold pieces
  4158 | D:4      | Bought a scroll labelled HIOS ASECITHEF for 30 gold pieces
  4158 | D:4      | Bought a fizzy yellow potion for 27 gold pieces
  4158 | D:4      | Bought a fizzy yellow potion for 27 gold pieces
  4158 | D:4      | Bought a scroll labelled YHUPPIO COTA for 30 gold pieces
  4225 | D:4      | Reached XP level 6. HP: 34/34 MP: 9/17
  4380 | D:4      | Reached skill level 1 in Shields
  4432 | D:4      | Reached skill level 7 in Spellcasting
  5094 | D:4      | Reached XP level 7. HP: 38/38 MP: 8/20
  5357 | D:5      | Entered Level 5 of the Dungeon
  5397 | D:5      | HP: 1/38 [white imp/puff of frost (7)]
  5398 | D:5      | Killed from afar by a white imp

Illustrated notes

Levels and vault maps discovered:
D:1:      minmay_arrival_semitransparent, layout_basic
D:2:      layout_basic, hangedman_decor_points, dreamdust_wishing_well,
          uniq_natasha
D:3:      layout_basic, grunt_temple_overflow_opulence, uniq_jessica
D:4:      minmay_spotlight, layout_basic, serial_shops, shop, nrook_campfire,
          nicolae_wooded_promenade, minmay_misc_feat_columns,
          amcnicky_mini_pool_small
D:5:      layout_rooms, corexii_item_surrounded_by_moat,
          nicolae_kite_square_tiling_tiny, hangedman_decor_growths,
          dreamdust_princess_corridor, eino_tiny_chamber,
          chequers_serial_rivers_micro_b, uniq_blork_the_orc

Skill      XL: |  1  2  3  4  5  6 |
---------------+-------------------+-----
Spellcasting   | 5 6 7 |  7.8
Conjurations   | 2 3 |  3.8
Armour         | 1 |  1.0
Fighting       | 1 |  1.0
Stealth        | 3 |  3.0
Dodging        | 3 |  3.0
Air Magic      | 1 |  1.0
Poison Magic   | 1 |  1.0
Shields        | 1 |  1.7
Summonings     | 2 |  2.5
Translocations | |  1.1

Action                     |  1- 3 |  4- 6 |  7- 9 || total
---------------------------+-------+-------+-------++-------
  Melee: Short sword       |    56 |    14 |       ||    70
         Punch             |     1 |       |       ||     1
         Hand axe          |       |    27 |       ||    27
   Cast: Magic Dart        |    91 |   125 |    22 ||   238
         Mephitic Cloud    |       |    13 |       ||    13
         Call Imp          |       |     1 |       ||     1
   Stab: Confused          |       |     3 |       ||     3
 Armour: Robe              |    11 |    10 |     2 ||    23
  Dodge: Dodged            |    30 |    48 |     8 ||    86

Table legend: (Time is in decaauts)
 A = Elapsed time spent in this place.
 B = Non-inter-level travel time spent in this place.
 C = Inter-level travel time spent in this place.
 D = Time resting spent in this place.
 E = Time spent auto-exploring this place.
 F = Levels seen in this place.
 G = Mean time per level.
                   A        B        C        D        E       F      G
               +--------+--------+--------+--------+--------+-----+--------+
         Total |   5379 |   5208 |    171 |      0 |   4612 |   5 | 1075.8 |
       Dungeon |   5379 |   5208 |    171 |      0 |   4612 |   5 | 1075.8 |
               +--------+--------+--------+--------+--------+-----+--------+

Top non-repeatable levels by time:
     D:2: 1530 daAuts
     D:4: 1460 daAuts
     D:1: 1255 daAuts
     D:3: 1091 daAuts
     D:5: 40 daAuts
